 Dungeon Crawl Stone Soup version 0.29.0-13-gc9e81de378 (webtiles) character file.

Game seed: 14064492696617703054

491 bchevrier the Trooper (level 7, -5/56 HPs)
             Began as a Gnoll Wanderer on Sept 9, 2022.
             Was a Believer of Kikubaaqudgha.
             Slain by a wyvern (11 damage)
             ... on level 5 of the Dungeon.
             The game lasted 00:16:29 (5469 turns).

bchevrier the Trooper (Gnoll Wanderer)              Turns: 5469, Time: 00:16:29

Health: -5/56      AC:  6    Str:  6    XL:     7   Next: 14%
Magic:  0/12       EV:  9    Int: 11    God:    Kikubaaqudgha [**....]
Gold:   38         SH:  4    Dex: 10    Spells: 7/13 levels left

rFire   + . .      SeeInvis +   y - +10 trident of the Shoals {vorpal, Will++ Str-4 Stlth+}
rCold   . . .      Faith    .   c - +0 buckler
rNeg    + + .      Spirit   +   p - +0 ring mail {rC+}
rPois   .          Reflect  .   z - +0 helmet
rElec   .          Harm     .   (no cloak)
rCorr   .          Rampage  .   (no gloves)
Will    ++...                   (no boots)
Stlth   ++++......              x - amulet of guardian spirit
HPRegen 0.18/turn               s - ring "Onkacaw" {Fire *Corrode rN++ Dex-5 Stlth+}
MPRegen 0.13/turn               v - ring of see invisible

@: no status effects
A: fangs 1, strong nose, distributed training
a: Renounce Religion, Unearth Wretches


You were on level 5 of the Dungeon.
You worshipped Kikubaaqudgha.
Kikubaaqudgha was pleased with you.
You visited 1 branch of the dungeon, and saw 5 of its levels.

You collected 197 gold pieces.
You spent 159 gold pieces at shops.

Inventory:

Hand Weapons
 r - a +1 short sword of venom
 y - the +10 trident of the Shoals (weapon) {vorpal, Will++ Str-4 Stlth+}
   (You took it off an orc on level 3 of the Dungeon)

   It inflicts extra damage upon your enemies.
   Str:       It affects your strength (-4).
   Will:      It greatly increases your willpower.
   Stlth:     It makes you more stealthy.
Missiles
 a - 6 curare-tipped darts
 o - 5 poisoned darts (quivered)
Armour
 c - a +0 buckler (worn)
 p - a +0 ring mail of cold resistance (worn)
 z - a +0 helmet (worn)
Jewellery
 s - the ring "Onkacaw" (left hand) {Fire *Corrode rN++ Dex-5 Stlth+}
   (You found it on level 4 of the Dungeon)

   [ring of fire]

   It enhances your fire magic.
   Dex:       It affects your dexterity (-5).
   rF:        It protects you from fire.
   rC:        It makes you vulnerable to cold.
   rN:        It greatly protects you from negative energy.
   *Corrode:  It may corrode you when you take damage.
   Stlth:     It makes you more stealthy.
 v - a ring of see invisible (right hand)
 x - an amulet of guardian spirit (around neck)
Wands
 t - a wand of flame (12)
 w - a wand of paralysis (14)
Scrolls
 d - 2 scrolls of fog
 e - a scroll of acquirement {unknown}
 f - 2 scrolls of immolation
 g - 4 scrolls of teleportation
 m - a scroll of silence {unknown}
 n - a scroll of noise {unknown}
 u - a scroll of enchant armour {unknown}
 A - a scroll of magic mapping
Potions
 b - 2 potions of heal wounds
 h - a potion of ambrosia {unknown}
 i - 5 potions of curing
 j - 2 potions of resistance
 k - 2 potions of might
 l - a potion of invisibility {unknown}
 q - 2 potions of lignification


   Skills:
 + Level 5.2 Fighting
 + Level 2.4 Short Blades
 + Level 2.4 Long Blades
 + Level 2.4 Axes
 + Level 2.4 Maces & Flails
 + Level 2.4 Polearms
 + Level 2.4 Staves
 + Level 2.4 Ranged Weapons
 + Level 3.5 Throwing
 + Level 2.4 Armour
 + Level 3.5 Dodging
 + Level 4.8 Stealth
 + Level 3.5 Shields
 + Level 2.4 Unarmed Combat
 + Level 3.7 Spellcasting
 + Level 2.0 Conjurations
 + Level 2.0 Hexes
 + Level 4.3 Summonings
 + Level 2.0 Necromancy
 + Level 2.0 Translocations
 + Level 2.0 Transmutations
 + Level 2.0 Fire Magic
 + Level 2.0 Ice Magic
 + Level 2.0 Air Magic
 + Level 2.0 Earth Magic
 + Level 2.0 Poison Magic
 + Level 2.6 Invocations
 + Level 2.4 Evocations


You had 7 spell levels left.
You knew the following spells:

 Your Spells              Type           Power      Damage    Failure   Level
a - Summon Small Mammal   Summ           44%        N/A       21%         1
b - Call Canine Familiar  Summ           11%        N/A       52%         3
c - Shock                 Conj/Air       24%        1d4       47%         1
d - Foxfire               Conj/Fire      36%        2x1d5     47%         1

Your spell library contained the following spells:

 Spells                   Type           Power      Damage    Failure   Level
 Necrotise                Necr           24%        1d5       47%         1
 Poisonous Vapours        Pois/Air       12%        N/A       63%         2
 Sublimation of Blood     Necr           6%         N/A       63%         2
 Conjure Flame            Conj/Fire      9%         6-21      85%         3
 Ignite Poison            Fire/Tmut/Pois 9%         N/A       85%         3
 Inner Flame              Hex/Fire       9%         N/A       85%         3
 Swiftness                Air            6%         N/A       85%         3
 Airstrike                Air            3%         2d(1-17)  99%         4
 Anguish                  Hex/Necr       3%         N/A       99%         4
 Animate Dead             Necr           6%         N/A       99%         4
 Corpse Rot               Necr/Pois/Air  6%         N/A       99%         4
 Flame Wave               Conj/Fire      9%         2d6       99%         4
 Sticky Flame             Conj/Fire      9%         2d3       99%         4


Dungeon Overview and Level Annotations

Branches:
Dungeon (5/15)
 Temple: D:4-7

Altars:
Kikubaaqudgha
Qazlal

Shops:
D:1 !?[(   D:4 :[([

Annotations:
D:5 1 runed translucent door


Innate Abilities, Weirdness & Mutations

You have very sharp teeth.
Your uncanny sense of smell can sniff out nearby items.
Your experience applies equally to all skills.


Message History

A wyvern comes into view.
Unknown command.
Found a scroll labelled ZUYLUA TENA.
You hit the wyvern. Your bite misses the wyvern.
The wyvern is lightly wounded.
The wyvern bites you. The wyvern barely misses you.
You hit the wyvern.
The wyvern is heavily wounded.
The wyvern bites you! x2
You are too injured to fight recklessly!
You are too injured to fight recklessly!
You are too injured to fight recklessly!
You are too injured to fight recklessly!
You are too injured to fight recklessly!
You are too injured to fight recklessly!
You are too injured to fight recklessly!
You are too injured to fight recklessly!
You are too injured to fight recklessly!
You are too injured to fight recklessly!
You hit the wyvern.
The wyvern is severely wounded.
The wyvern bites you!
You closely miss the wyvern.
The wyvern is severely wounded.
The wyvern bites you but does no damage.
The wyvern closely misses you.
You closely miss the wyvern.
The wyvern is severely wounded.
The wyvern barely misses you. The wyvern bites you.
You completely miss the wyvern.
The wyvern is severely wounded.
The wyvern bites you!
* * * LOW HITPOINT WARNING * * *
The wyvern bites you.
* * * LOW HITPOINT WARNING * * *
You barely miss the wyvern. Your bite misses the wyvern.
The wyvern is severely wounded.
The wyvern bites you!
You die...
Kikubaaqudgha rasps: "You have failed me!
Welcome... death!"

.# . .# .. .# # ...
... .## ∆.## ..# ....
.. ####..##.. # ?....
.#.....#....∆#..
#...##..........<∆...#
#.l@########))#..###
###...##.....)......
###.##.##..)......
#.....#.####.###
##.......##...##
#...##.>.......
#.....#..###.#...
#.#<$...###..##..
#..#...## #.###..


You could see a wyvern.

Vanquished Creatures
  A water moccasin (D:3)
  The ghost of TheSexyCheese the Covered, a weakling MiFi (D:3)
  A howler monkey (D:5)
  Ijyb (D:3)
  An iguana (D:4)
  7 gnolls
  8 adders
  An ufetubus (D:5)
  4 orcs
  13 ball pythons
  3 bats
  4 endoplasms
  3 giant cockroaches
  8 goblins
  13 hobgoblins
  13 jackals
  A quokka (D:4)
  5 frilled lizards
  6 kobolds
  4 rats
98 creatures vanquished.

Notes
Turn   | Place    | Note
-------+----------+-------------------------------------------
     0 | D:1      | bchevrier the Gnoll Wanderer began the quest for the Orb.
     0 | D:1      | bchevrier set off with the following items: a +2 dagger, a
                  | potion of heal wounds, a +0 buckler, a scroll of fog, a +0
                  | robe; and the following spell memorised: Summon Small
                  | Mammal; and the following spells available to memorise:
                  | Call Canine Familiar.
     0 | D:1      | Reached XP level 1. HP: 20/20 MP: 4/4
   394 | D:1      | Found Finuaq's Distillery.
   402 | D:1      | Bought a potion of curing for 30 gold pieces
   414 | D:1      | Found Rodwemmo's Weapon Shop.
   433 | D:1      | Found a faded altar of an unknown god.
   516 | D:1      | Found Fuekh's Antique Armour Boutique.
   538 | D:1      | Reached XP level 2. HP: 23/26 MP: 5/5
   652 | D:1      | Found Iso Soor's Magic Scroll Emporium.
  1161 | D:1      | Reached XP level 3. HP: 22/31 MP: 7/7
  1434 | D:1      | Bought a scroll of teleportation for 30 gold pieces
  1454 | D:1      | Prayed at the altar of an unknown god.
  1454 | D:1      | Became a worshipper of Kikubaaqudgha
  1454 | D:1      | Reached * piety under Kikubaaqudgha
  1454 | D:1      | Received a gift from Kikubaaqudgha
  1459 | D:1      | Learned a level 3 spell: Call Canine Familiar
  1461 | D:1      | Learned a level 1 spell: Shock
  1537 | D:2      | Reached skill level 1 in Invocations
  1688 | D:2      | Reached skill level 1 in Short Blades
  1688 | D:2      | Reached skill level 1 in Long Blades
  1688 | D:2      | Reached skill level 1 in Axes
  1688 | D:2      | Reached skill level 1 in Maces & Flails
  1688 | D:2      | Reached skill level 1 in Polearms
  1688 | D:2      | Reached skill level 1 in Staves
  1688 | D:2      | Reached skill level 1 in Ranged Weapons
  1688 | D:2      | Reached skill level 1 in Armour
  1688 | D:2      | Reached skill level 1 in Unarmed Combat
  1688 | D:2      | Reached skill level 1 in Evocations
  1922 | D:2      | Reached XP level 4. HP: 38/38 MP: 8/8
  2587 | D:2      | Learned a level 1 spell: Foxfire
  2660 | D:3      | Reached skill level 1 in Conjurations
  2660 | D:3      | Reached skill level 1 in Hexes
  2660 | D:3      | Reached skill level 1 in Necromancy
  2660 | D:3      | Reached skill level 1 in Translocations
  2660 | D:3      | Reached skill level 1 in Transmutations
  2660 | D:3      | Reached skill level 1 in Fire Magic
  2660 | D:3      | Reached skill level 1 in Ice Magic
  2660 | D:3      | Reached skill level 1 in Air Magic
  2660 | D:3      | Reached skill level 1 in Earth Magic
  2660 | D:3      | Reached skill level 1 in Poison Magic
  2746 | D:3      | Reached ** piety under Kikubaaqudgha
  2910 | D:3      | Found a stormy altar of Qazlal.
  2935 | D:3      | Reached XP level 5. HP: 41/43 MP: 9/9
  3084 | D:3      | Noticed a water moccasin
  3099 | D:3      | Killed a water moccasin
  3100 | D:3      | Reached XP level 6. HP: 24/50 MP: 9/11
  3155 | D:3      | Noticed Ijyb
  3165 | D:3      | Killed Ijyb
  3166 | D:3      | Reached skill level 5 in Fighting
  3524 | D:3      | Identified the +10 trident of the Shoals {vorpal, Will++
                  | Str-4 Stlth+}
  3798 | D:3      | Found a runed translucent door.
  3805 | D:3      | Noticed TheSexyCheese's ghost (weakling MiFi)
  3814 | D:3      | Killed TheSexyCheese's ghost
  4128 | D:4      | Identified the ring "Onkacaw" {Fire *Corrode rN++ Dex-5
                  | Stlth+}
  4205 | D:4      | Found Uduc's Antique Armour Shoppe.
  4229 | D:4      | Found Fyastriu's Book Shoppe.
  4314 | D:4      | Found Tits's Antique Armour Shoppe.
  4315 | D:4      | Found Fuetzog's Weapon Shoppe.
  4318 | D:4      | Bought a helmet for 99 gold pieces
  4711 | D:4      | Found a glowing drain.
  5251 | D:5      | Entered Level 5 of the Dungeon
  5266 | D:5      | Found a runed translucent gate.
  5298 | D:5      | Reached XP level 7. HP: 31/56 MP: 7/12
  5460 | D:5      | Noticed a wyvern
  5469 | D:5      | Slain by a wyvern

Illustrated notes

Levels and vault maps discovered:
D:1:      dpeg_arrival_concentric_ovals, layout_basic,
          shapermc_ecumenical_altar_pompeii, serial_shops,
          nicolae_shop_temple_entry_statues_fountains,
          nicolae_shop_overgrown_old_shop, shop_statue,
          nicolae_shop_hallway_stairs, hangedman_abyss_or_decor_lesser_grid,
          minmay_quantized
D:2:      minmay_razor_zed, layout_basic, serial_park_tiny_2,
          hangedman_feature_mirror, roderic_lattice_a
D:3:      layout_loops_ring, nicolae_qazlal_scattered_showers,
          ebering_ghost_reflecting_pool, minivault_25, uniq_ijyb
D:4:      layout_basic, portal_sewer_entry_d, hangedman_decor_opposing,
          minmay_shop_grid_forest
D:5:      layout_rooms, ebering_ghost_gozag

Skill      XL: |  1  2  3  4  5  6  7 |
---------------+----------------------+-----
Invocations    | 1 2 |  2.6
Short Blades   | 1 2 |  2.4
Long Blades    | 1 2 |  2.4
Axes           | 1 2 |  2.4
Maces & Flails | 1 2 |  2.4
Polearms       | 1 2 |  2.4
Staves         | 1 2 |  2.4
Ranged Weapons | 1 2 |  2.4
Armour         | 1 2 |  2.4
Unarmed Combat | 1 2 |  2.4
Evocations     | 1 2 |  2.4
Spellcasting   | 3 |  3.7
Conjurations   | 1 2 |  2.0
Hexes          | 1 2 |  2.0
Necromancy     | 1 2 |  2.0
Translocations | 1 2 |  2.0
Transmutations | 1 2 |  2.0
Fire Magic     | 1 2 |  2.0
Ice Magic      | 1 2 |  2.0
Air Magic      | 1 2 |  2.0
Earth Magic    | 1 2 |  2.0
Poison Magic   | 1 2 |  2.0
Throwing       | 3 |  3.5
Dodging        | 3 |  3.5
Shields        | 3 |  3.5
Summonings     | 4 |  4.3
Fighting       | 5 |  5.2
Stealth        | |  4.8

Action                   |  1- 3 |  4- 6 |  7- 9 || total
-------------------------+-------+-------+-------++-------
Melee: Dagger            |   104 |    67 |       ||   171
       Bite              |     8 |    14 |     2 ||    24
       Short sword       |       |    61 |       ||    61
       Trident           |       |    59 |    18 ||    77
Throw: Dart              |       |     6 |       ||     6
  Use: Scroll            |       |     5 |       ||     5
       Potion            |       |     1 |       ||     1
 Stab: Sleeping          |     4 |    10 |       ||    14
       Distracted        |     1 |       |       ||     1
Armor: Robe              |    13 |     1 |       ||    14
       Ring mail         |       |    58 |     3 ||    61
Dodge: Dodged            |    62 |    88 |    13 ||   163
Block: Buckler           |    21 |    44 |     5 ||    70
